 Dungeon Crawl Stone Soup version 0.31-a0-180-g519b7de00c (webtiles) character file.

Game seed: 1092749538388072120

508 qw the Chopper (level 7, -1/44 HPs)
             Began as a Gargoyle Fighter on June 19, 2023.
             Slain by an orc wizard
             ... wielding a +0 dagger
              (3 damage)
             ... on level 4 of the Dungeon.
             The game lasted 00:01:30 (3116 turns).

qw the Chopper (Gargoyle Fighter)                   Turns: 3116, Time: 00:01:30

Health: -1/44      AC: 13    Str: 22    XL:     7   Next: 18%
Magic:  7/7        EV:  9    Int:  8    God:
Gold:   182        SH:  4    Dex:  9    Spells: 6/6 levels left

rFire   . . .        Y - +0 broad axe (heavy)
rCold   . . .        c - +0 buckler
rNeg    + . .        b - +0 scale mail
rPois   inf          (no helmet)
rElec   +            (no cloak)
rCorr   .            (no gloves)
SInv    .            a - +1 pair of boots
Will    .....        h - amulet of faith Stlth
                     (no ring)
HPRegen 0.27/turn    (no ring)
MPRegen 0.10/turn

%: faith
@: no status effects
A: sickness immunity, AC +4, negative energy resistance 1, electricity
resistance, torment resistance 1, petrification resistance
a: no special abilities


You were on level 4 of the Dungeon.
You visited 1 branch of the dungeon, and saw 4 of its levels.

You collected 182 gold pieces.


Innate Abilities, Weirdness & Mutations

You are immune to sickness and miasma.
Your stone body is resilient. (AC +4)
You are immune to poison.
You resist negative energy. (rN+)
You are resistant to electric shocks. (rElec)
You are resistant to unholy torment.
You are immune to petrification.


   Skills:
 - Level 4.4 Fighting
 + Level 6.2 Axes
 - Level 3.2 Armour
 - Level 1.2 Dodging
 - Level 3.2 Shields


You had 6 spell levels left.
You didn't know any spells.
Your spell library was empty.

Inventory:

Hand Weapons
 g - a +1 flail of protection
 Y - a +0 heavy broad axe (weapon)
Armour
 a - a +1 pair of boots (worn)
 b - a +0 scale mail (worn)
 c - a +0 buckler (worn)
 e - a +0 chain mail
Jewellery
 h - an amulet of faith (around neck)
Scrolls
 m - a scroll of identify
Potions
 d - a potion of might
 f - a potion of berserk rage {unknown}
 i - a potion of attraction
 j - 2 potions of curing
 k - a potion of haste {unknown}
 l - a potion of cancellation {unknown}
 n - a potion of enlightenment
 o - a potion of invisibility {unknown}

Dungeon Overview and Level Annotations

Branches:
Dungeon (4/15)
 Temple: D:4-7

Altars:
Kikubaaqudgha
Makhleb
Nemelex Xobeh
Qazlal
Sif Muna
Vehumet


Message History

You slash the orc!
You kill the orc!
The hound barely misses you. You block the orc priest's attack.
The hound bites you.
You hit the orc priest but do no damage.
You barely miss the hound. The hound bites you.
The hound bites you but does no damage. The hound closely misses you.
You slice the orc wizard!!
You kill the orc wizard!
You slice the hound!!
You kill the hound!
You slash the ball python!
You kill the ball python!
The orc priest barely misses you.
The orc wizard hits you but does no damage.
Your Axes skill increases to level 6!
You closely miss the orc priest.
You hit the orc wizard but do no damage.
You barely miss the orc.
The orc priest calls down the wrath of Beogh upon you.
Beogh smites you! You block the orc wizard's attack.
The orc hits you with a +0 club. The orc priest hits you with a +0 whip.
The orc wizard hits you but does no damage.
The orc hits you with a +0 club.
You slash the orc priest!
The orc priest is severely wounded.
You closely miss the orc wizard. You slash the orc!
You kill the orc!
The orc priest misses you.
The orc wizard hits you with a +0 dagger.
The orc priest hits you but does no damage.
The orc wizard points at you and mumbles some strange words.
The magic dart hits you!
You slash the orc priest!
You kill the orc priest!
You closely miss the orc wizard.
The orc wizard hits you but does no damage.
The orc wizard hits you with a +0 dagger.
You die...

####### ....... ##### .......
#...# ....... #...#
......o#####...#########
......)@.......'..>.....
.....?)#####...#####....
####### ##### #.... #.... .
#######....
..############....##....
......#......................
#...#...#....######...:.#....
###..#...#...#..###
###...#####


You could see an orc wizard.

Vanquished Creatures
  Edmund (D:4)
  An ice beast (D:4)
  A scorpion (D:4)
  An orc priest (D:4)
  A hound (D:4)
  A gnoll bouda (D:3)
  3 orc wizards (D:4)
  2 adders (D:4)
  3 worms
  A dart slug (D:3)
  9 orcs
  5 ball pythons
  6 endoplasms
  2 giant cockroaches
  8 goblins
  4 hobgoblins
  10 jackals (D:1)
  A quokka (D:3)
  8 bats
  2 frilled lizards
  5 kobolds
  4 rats
79 creatures vanquished.

Notes
Turn   | Place    | Note
-------+----------+-------------------------------------------
     0 | D:1      | qw the Gargoyle Fighter began the quest for the Orb.
     0 | D:1      | Reached XP level 1. HP: 14/14 MP: 1/1
     0 | D:1      | 0 ||| qw: Version: 0.3-a-7-ge0c9b40
     0 | D:1      | 0 ||| qw: Game counter: 1005
     0 | D:1      | 0 ||| qw: Always use a shield: true
     0 | D:1      | 0 ||| qw: God list: Okawaru
     0 | D:1      | 0 ||| qw: Allow faded altars: false
     0 | D:1      | 0 ||| qw: Do Orc after D:15 true
     0 | D:1      | 0 ||| qw: Do second Lair branch before Depths: true
     0 | D:1      | 0 ||| qw: Lair rune preference: random
     0 | D:1      | 0 ||| qw: Plans: Normal, Zot:1-4, Slime:5, God:TSO, Crypt,
                  | Tomb, Abyss, Pan, Hells, Win
     0 | D:1      | 0 ||| PLANNING D:1-11
   141 | D:1      | Reached skill level 2 in Axes
   192 | D:1      | Reached XP level 2. HP: 14/19 MP: 2/2
   573 | D:1      | Reached skill level 3 in Axes
   727 | D:1      | 727 ||| UPGRADING to amulet of faith.
   732 | D:1      | 732 ||| READING scroll labelled NAOCZA GAXIOSA.
   733 | D:1      | 733 ||| READING scroll labelled PUAQEE WUNIX.
   734 | D:1      | 734 ||| READING scroll labelled JAQICISTRODO.
   735 | D:1      | 735 ||| READING scroll labelled JIWANUTTAH.
   736 | D:1      | 736 ||| DRINKING 2 metallic coppery potions.
   737 | D:1      | 737 ||| DROPPING potion of brilliance.
   772 | D:2      | Reached XP level 3. HP: 23/23 MP: 3/3
   833 | D:2      | 833 ||| DROPPING +0 whip.
   896 | D:2      | 896 ||| Stepping ~*~*~tactically~*~*~ (stealth).
   897 | D:2      | 897 ||| SWAPPING to +0 broad axe.
   913 | D:2      | 913 ||| DROPPING +0 war axe.
  1119 | D:2      | 1119 ||| Stepping ~*~*~tactically~*~*~ (stealth).
  1499 | D:2      | 1499 ||| READING scroll labelled DEIG DAINULISS.
  1500 | D:2      | 1500 ||| READING scroll labelled ABUVOGHOPRE.
  1501 | D:2      | 1501 ||| READING scroll labelled JIEMELICSE.
  1502 | D:2      | 1502 ||| READING 3 scrolls labelled QIMI XAUH QAE.
  1503 | D:2      | 1503 ||| DRINKING 3 lumpy pink potions.
  1504 | D:2      | 1504 ||| DRINKING 2 dark potions.
  1505 | D:2      | 1505 ||| READING 2 scrolls of identify.
  1505 | D:2      | 1505 ||| IDENTIFYING red potion
  1521 | D:3      | Found a stormy altar of Qazlal.
  1566 | D:3      | 1566 ||| Stepping ~*~*~tactically~*~*~ (hiding).
  1776 | D:3      | 1776 ||| Stepping ~*~*~tactically~*~*~ (hiding).
  1782 | D:3      | Reached skill level 4 in Axes
  1782 | D:3      | Reached XP level 4. HP: 28/28 MP: 4/4
  1927 | D:3      | Found a shimmering blue altar of Sif Muna.
  1928 | D:3      | Found an ancient bone altar of Kikubaaqudgha.
  1928 | D:3      | Found a radiant altar of Vehumet.
  1985 | D:3      | Found a faded altar of an unknown god.
  2237 | D:3      | Found a sparkling altar of Nemelex Xobeh.
  2251 | D:3      | 2251 ||| DROPPING +0 mace.
  2470 | D:3      | 2470 ||| UPGRADING to +0 pair of boots.
  2475 | D:3      | 2475 ||| DROPPING amulet of magic regeneration.
  2476 | D:3      | 2476 ||| DROPPING ring of magical power.
  2515 | D:4      | Noticed Edmund
  2525 | D:4      | Killed Edmund
  2526 | D:4      | Reached skill level 5 in Axes
  2526 | D:4      | Reached XP level 5. HP: 11/32 MP: 5/5
  2611 | D:4      | 2611 ||| DROPPING +1 mace of holy wrath.
  2612 | D:4      | Noticed an ice beast
  2630 | D:4      | Killed an ice beast
  2631 | D:4      | Reached XP level 6. HP: 19/39 MP: 6/6
  2726 | D:4      | 2726 ||| Stepping ~*~*~tactically~*~*~ (hiding).
  2727 | D:4      | 2727 ||| Stepping ~*~*~tactically~*~*~ (hiding).
  2735 | D:4      | 2735 ||| DRINKING 3 potions of curing.
  2735 | D:4      | 2735 ||| (to cure confusion)
  2738 | D:4      | Reached skill level 1 in Dodging
  2798 | D:4      | 2798 ||| Stepping ~*~*~tactically~*~*~ (stealth).
  2811 | D:4      | 2811 ||| READING scroll of enchant armour.
  2811 | D:4      | 2811 ||| ENCHANTING +0 pair of boots.
  2930 | D:4      | Found a burning altar of Makhleb.
  2981 | D:4      | Reached XP level 7. HP: 38/44 MP: 7/7
  3114 | D:4      | Reached skill level 6 in Axes
  3114 | D:4      | HP: 11/44 [orc priest/+0 whip (2)]
  3115 | D:4      | HP: 1/44 [orc wizard/magic dart (8)]
  3116 | D:4      | Slain by an orc wizard

Levels and vault maps discovered:
D:1:      ncdulo_watergridlock, layout_basic, minmay_heptomino_l4
D:2:      layout_basic, nrook_uturn
D:3:      minmay_skewed_foursquare, layout_basic,
          grunt_temple_overflow_magic_moments, mainiacjoe_overflow_24_doors,
          mainiacjoe_overflow_paths, shapermc_ecumenical_altar_pompeii
D:4:      layout_basic, lemuel_tele_altar, hex_large, uniq_edmund

Skill      XL: |  1  2  3  4  5  6  7 |
---------------+----------------------+-----
Axes           | 2 3 4 5 6 |  6.2
Fighting       | 4 |  4.4
Dodging        | 1 |  1.2
Armour         | |  3.2
Shields        | |  3.2

Action                     |  1- 3 |  4- 6 |  7- 9 || total
---------------------------+-------+-------+-------++-------
  Melee: War axe           |    68 |       |       ||    68
         Broad axe         |    62 |    71 |     7 ||   140
    Use: Scroll            |     9 |     1 |       ||    10
         Potion            |     3 |     1 |       ||     4
 Armour: Scale mail        |    64 |    64 |     6 ||   134
  Dodge: Dodged            |    69 |    46 |     4 ||   119
  Block: Buckler           |    29 |    15 |     2 ||    46

Table legend:
 A = Non-vault XP
 B = Vault XP
 C = Vault XP percentage of total XP
 D = Non-vault monster count
 E = Vault monster count
 F = Vault count percentage of total count
                 A         B        C        D         E       F
            +---------+---------+-------+---------+---------+-------
      Total |     553 |     217 |  28.2 |      70 |       9 |  11.4
            +---------+---------+-------+---------+---------+-------
        D:1 |      31 |       2 |   6.1 |      17 |       2 |  10.5
        D:2 |      33 |       0 |   0.0 |      17 |       0 |   0.0
        D:3 |      19 |      51 |  72.9 |      10 |       6 |  37.5
        D:4 |     470 |     164 |  25.9 |      26 |       1 |   3.7
            +---------+---------+-------+---------+---------+-------
